 Dungeon Crawl Stone Soup version 0.31-a0-233-g139696dc86 (webtiles) character file.

Game seed: 8189586292192131393

203 qw the Shooter (level 5, -1/32 HPs)
             Began as a Gargoyle Hexslinger on July 9, 2023.
             Slain by a gnoll
             ... wielding a +2 halberd of venom
              (11 damage)
             ... on level 4 of the Dungeon.
             The game lasted 00:00:54 (2808 turns).

qw the Shooter (Gargoyle Hexslinger)                Turns: 2808, Time: 00:00:54

Health: -1/32      AC:  9    Str: 12    XL:     5   Next: 81%
Magic:  6/6        EV: 11    Int: 13    God:
Gold:   219        SH:  0    Dex: 14    Spells: 5/6 levels left

rFire   . . .        Y - +1 sling
rCold   . . .        (no shield)
rNeg    + + .        g - +0 leather armour
rPois   inf          (no helmet)
rElec   +            (no cloak)
rCorr   .            c - +0 pair of gloves
SInv    .            a - +0 pair of boots
Will    .....        (no amulet)
Stlth   +            f - ring of positive energy
HPRegen 0.25/turn    (no ring)
MPRegen 0.10/turn

%: no passive effects
@: no status effects
A: sickness immunity, AC +4, negative energy resistance 1, electricity
resistance, torment resistance 1, petrification resistance
a: no special abilities


You were on level 4 of the Dungeon.
You visited 1 branch of the dungeon, and saw 4 of its levels.

You collected 219 gold pieces.


Innate Abilities, Weirdness & Mutations

You are immune to sickness and miasma.
Your stone body is resilient. (AC +4)
You are immune to poison.
You resist negative energy. (rN+)
You are resistant to electric shocks. (rElec)
You are resistant to unholy torment.
You are immune to petrification.


   Skills:
 - Level 3.1 Fighting
 - Level 5.1 Ranged Weapons
 + Level 0.0 Armour
 - Level 1.5 Dodging
 - Level 1.0 Spellcasting
 - Level 2.6 Hexes


You had 5 spell levels left.
You knew the following spells:

 Your Spells              Type           Power      Damage    Failure   Level
a - Slow                  Hex            28%        N/A       12%         1

Your spell library contained the following spells:

 Spells                   Type           Power      Damage    Failure   Level
 Inner Flame              Hex/Fire       4%         N/A       52%         3
 Portal Projectile        Hex/Tloc       8%         N/A       52%         3
 Cause Fear               Hex            3%         N/A       75%         4

Inventory:

Hand Weapons
 Y - a +1 sling (weapon)
Armour
 a - a +0 pair of boots (worn)
 c - a +0 pair of gloves (worn)
 g - a +0 leather armour (worn)
Jewellery
 f - a ring of positive energy (left hand)
Scrolls
 b - 2 scrolls of identify
 d - a scroll of enchant weapon {unknown}
 h - a scroll of teleportation
Potions
 e - a potion of might
 j - a potion of attraction {unknown}

Dungeon Overview and Level Annotations

Branches:
Dungeon (4/15)
 Temple: D:4-7

Altars:
Hepliaklqana
Nemelex Xobeh
Xom

Shops:
D:4 (


Message History

The sling bullet hits the gnoll.
The gnoll is severely wounded.
The gnoll hits you but does no damage. The gnoll closely misses you.
You shoot a sling bullet.
The sling bullet closely misses the gnoll.
A ball python comes into view.
The gnoll hits you with a +0 flail.
The gnoll hits you from afar with a +0 spear.
You shoot a sling bullet.
The sling bullet completely misses the gnoll.
The ball python hisses angrily.
The gnoll closely misses you. The gnoll hits you but does no damage.
You shoot a sling bullet.
The sling bullet hits the gnoll but does no damage.
The gnoll is severely wounded.
The gnoll hits you but does no damage. x2
You shoot a sling bullet.
The sling bullet barely misses the gnoll.
The gnoll hits you but does no damage. The gnoll barely misses you.
You shoot a sling bullet. The sling bullet hits the gnoll.
You kill the gnoll!
The gnoll hits you from afar with a +0 spear. x2
You shoot a sling bullet. The sling bullet hits the gnoll.
The gnoll is moderately wounded.
The gnoll closely misses you.
You shoot a sling bullet. The sling bullet hits the gnoll.
The gnoll is severely wounded.
The gnoll hits you but does no damage.
You shoot a sling bullet. The sling bullet hits the gnoll.
You kill the gnoll!
Your Fighting skill increases to level 3!
You shoot a sling bullet.
The sling bullet closely misses the gnoll.
You shoot a sling bullet. The sling bullet hits the gnoll.
The gnoll is moderately wounded.
The gnoll closely misses you.
The gnoll hits you from afar with a +2 halberd of venom!
The gnoll hits you but does no damage.
The gnoll hits you from afar with a +2 halberd of venom!
You die...

##### ####....
###########.....#
#.........#.....#
#............# .
#...##.#.....# .\. #
##.###.#.....#....
#.###.###.##.......#
#.........###@..####
####...#### ##g##
##.....## g#
#####.......# S#
.........>..# '#
.###........# ..
.###.#.....## ..
.##.#.#..#.# ..
.#.###(....#


You could see 2 gnolls and a ball python.

Vanquished Creatures
  2 hounds (D:4)
  Natasha (D:4)
  2 gnolls (D:4)
  4 adders
  An ufetubus (D:2)
  A worm (D:3)
  5 dart slugs
  A bat (D:3)
  5 endoplasms
  2 goblins
  4 hobgoblins
  2 jackals (D:3)
  2 quokkas
  5 ball pythons
  3 frilled lizards
  6 kobolds
  4 rats
50 creatures vanquished.

Notes
Turn   | Place    | Note
-------+----------+-------------------------------------------
     0 | D:1      | qw the Gargoyle Hexslinger began the quest for the Orb.
     0 | D:1      | Reached XP level 1. HP: 12/12 MP: 2/2
     0 | D:1      | 0 ||| qw: Version: 0.3-a-51-g015441d
     0 | D:1      | 0 ||| qw: Game counter: 3790
     0 | D:1      | 0 ||| qw: Melee chars always use a shield: true
     0 | D:1      | 0 ||| qw: God list: Okawaru
     0 | D:1      | 0 ||| qw: Allow faded altars: false
     0 | D:1      | 0 ||| qw: Do Orc after clearing Dungeon:15 true
     0 | D:1      | 0 ||| qw: Do second Lair branch before Depths: true
     0 | D:1      | 0 ||| qw: Lair rune preference: random
     0 | D:1      | 0 ||| qw: Goals: Normal
     0 | D:1      | 0 ||| PLANNING D:1-11
   222 | D:1      | Reached XP level 2. HP: 14/16 MP: 3/3
   368 | D:1      | Reached skill level 3 in Ranged Weapons
   651 | D:1      | 651 ||| UPGRADING to +0 leather armour.
   661 | D:1      | 661 ||| DROPPING +0 robe.
   662 | D:1      | 662 ||| UPGRADING to ring of positive energy.
   663 | D:1      | 663 ||| READING scroll labelled YFOOTE PARA.
   664 | D:1      | 664 ||| READING 2 scrolls labelled JOZE LEANOL.
   667 | D:1      | 667 ||| READING scroll labelled YQYMESISYUN.
   668 | D:1      | 668 ||| DROPPING scroll of poison.
   780 | D:2      | Reached XP level 3. HP: 21/21 MP: 4/4
  1076 | D:2      | Found a faded altar of an unknown god.
  1480 | D:2      | 1480 ||| UPGRADING to +0 pair of boots.
  1485 | D:2      | 1485 ||| UPGRADING to +0 pair of gloves.
  1490 | D:2      | 1490 ||| READING 3 scrolls labelled FIWIR XUAH.
  1491 | D:2      | 1491 ||| READING scroll labelled TUSHIMEXOG.
  1592 | D:2      | 1592 ||| READING scroll labelled BAR LAMIXTAFACK.
  1593 | D:2      | 1593 ||| DRINKING 2 fizzy cyan potions.
  1594 | D:2      | 1594 ||| DROPPING potion of degeneration.
  1595 | D:2      | 1595 ||| DROPPING 2 scrolls of vulnerability.
  1620 | D:3      | Reached skill level 4 in Ranged Weapons
  1620 | D:3      | Reached XP level 4. HP: 26/26 MP: 5/5
  2132 | D:3      | Found a hazy altar of Hepliaklqana.
  2345 | D:3      | 2345 ||| READING 2 scrolls of identify.
  2345 | D:3      | 2345 ||| IDENTIFYING orange potion
  2397 | D:4      | Found a shimmering altar of Xom.
  2501 | D:4      | Reached XP level 5. HP: 19/30 MP: 6/6
  2588 | D:4      | Noticed Natasha
  2600 | D:4      | Killed Natasha
  2601 | D:4      | Reached skill level 5 in Ranged Weapons
  2767 | D:4      | Found a sparkling altar of Nemelex Xobeh.
  2791 | D:4      | Found Elocaps's Antique Weapon Shoppe.
  2807 | D:4      | Reached skill level 3 in Fighting
  2808 | D:4      | Slain by a gnoll

Levels and vault maps discovered:
D:1:      heliophobic_arrival_enchanted_forest, layout_loops_ring,
          corner_web_ring
D:2:      layout_basic, ebering_ecumenical_altar_webs, serial_bayou_pond_b
D:3:      layout_basic, mainiacjoe_overflow_cross_hatched, grunt_ministairs_15,
          kennysheep_generic_room_16
D:4:      layout_loops_corners, amcnicky_altar_gilded,
          mainiacjoe_overflow_tiny_flanked, serial_shops, nicolae_shop_stone,
          uniq_edmund, uniq_natasha

Skill      XL: |  1  2  3  4  5 |
---------------+----------------+-----
Ranged Weapons | 3 4 5 |  5.1
Fighting       | 2 3 |  3.1
Dodging        | |  1.5
Spellcasting   | |  1.0
Hexes          | |  2.6

Action                     |  1- 3 |  4- 6 || total
---------------------------+-------+-------++-------
   Fire: Sling             |    91 |   115 ||   206
    Use: Scroll            |     6 |     1 ||     7
         Potion            |     1 |       ||     1
 Armour: Leather armour    |     6 |    32 ||    38
  Dodge: Dodged            |    35 |    50 ||    85

Table legend:
 A = Non-vault XP
 B = Vault XP
 C = Vault XP percentage of total XP
 D = Non-vault monster count
 E = Vault monster count
 F = Vault count percentage of total count
                 A         B        C        D         E       F
            +---------+---------+-------+---------+---------+-------
      Total |     245 |      46 |  15.8 |      45 |       5 |  10.0
            +---------+---------+-------+---------+---------+-------
        D:1 |      28 |       0 |   0.0 |      14 |       0 |   0.0
        D:2 |      52 |       1 |   1.9 |      14 |       1 |   6.7
        D:3 |      47 |      10 |  17.5 |      12 |       3 |  20.0
        D:4 |     118 |      35 |  22.9 |       5 |       1 |  16.7
            +---------+---------+-------+---------+---------+-------
